PAA
MARQUETTE MINERS @ SPRINGFIELD SHOOTERS
09/16/2021
 
TOP OF THE 1ST
Marquette Miners batting - Pitching for Springfield Shooters : RHP Antonio Godfrey
Pitching: RHP Antonio Godfrey
Batting: RHB Howard Kelly 0-0: Called Strike
0-1: Foul Ball, location: 2F
0-2: Ball
1-2: SINGLE (Groundball, 34D)
Batting: LHB José Ortega 0-0: SINGLE (Groundball, 56D) (infield hit)
Howard Kelly to second
Batting: RHB Pedro Pérez 0-0: Reached on error, E6 (Groundball, 6)
Howard Kelly to third
José Ortega to second
Batting: RHB Gerald Clark 0-0: Called Strike
0-1: Ball
1-1: Fly out, F7 (Flyball, 78S)
Batting: RHB Francis Kelly 0-0: SINGLE (Groundball, 25) (infield hit)
Howard Kelly scores
José Ortega to third
Pedro Pérez to second
Batting: RHB Adrian Hale 0-0: Swinging Strike
0-1: Ball
1-1: Swinging Strike
1-2: Foul Ball, location: 2F
1-2: Strikes out swinging
Batting: RHB Wayne Cameron 0-0: Ball
1-0: Called Strike
1-1: Foul Ball, location: 2F
1-2: Ball
2-2: Ball
3-2: Strikes out looking
Top of the 1st over - 1 run(s), 3 hit(s), 1 error(s), 3 left on base; Marquette 1 - Springfield 0
BOTTOM OF THE 1ST
Springfield Shooters batting - Pitching for Marquette Miners : RHP Brad Cunnick
Pitching: RHP Brad Cunnick
Batting: SHB Albert Santos 0-0: Ball
1-0: Ball
2-0: Ball
3-0: Base on Balls
Batting: RHB Ethan Miller 0-0: Foul Ball, location: 2F
0-1: Called Strike
0-2: Ball
1-2: Strikes out swinging
Batting: RHB José López 0-0: Ball
1-0: Fly out, F9 (Line Drive, 89M)
Batting: RHB Cliff May 0-0: Called Strike
0-1: Ball
1-1: SINGLE (Line Drive, 7LS)
Albert Santos to second
Batting: LHB Joram Nelen 0-0: Called Strike
0-1: Ball
1-1: Swinging Strike
1-2: SINGLE (Groundball, 5D)
Albert Santos to third
Cliff May to second
Runner from 3rd tries for Home, SAFE, throw made at trailing runner, OUT at third!
Bottom of the 1st over - 1 run(s), 2 hit(s), 0 error(s), 1 left on base; Marquette 1 - Springfield 1
TOP OF THE 2ND
Marquette Miners batting - Pitching for Springfield Shooters : RHP Antonio Godfrey
Batting: RHB Félix De La Hoya 0-0: Foul Ball, location: 2F
0-1: Swinging Strike
0-2: Ball
1-2: Foul Ball, location: 2F
1-2: Foul Ball, location: 2F
1-2: Ball
2-2: Foul Ball, location: 2F
2-2: Strikes out swinging
Batting: RHB Tim Burnett 0-0: Ball
1-0: Foul Ball, location: 2F
1-1: Fly out, F7 (Flyball, 78XD)
Batting: RHB Howard Kelly 0-0: Ball
1-0: SINGLE (Groundball, 56D)
Batting: LHB José Ortega 0-0: Called Strike
0-1: Foul Ball, location: 2F
0-2: Ground out 6-3 (Groundball, 6)
Top of the 2nd over - 0 run(s), 1 hit(s), 0 error(s), 1 left on base; Marquette 1 - Springfield 1
BOTTOM OF THE 2ND
Springfield Shooters batting - Pitching for Marquette Miners : RHP Brad Cunnick
Batting: SHB Chris Williamson 0-0: Reached on error, E6 (Groundball, 6MS)
Batting: RHB Iván Ríos 0-0: Called Strike
0-1: Ball
1-1: Fly out, F8 (Line Drive, 8RD)
Runner from 2nd tags up, SAFE at 3rd, no throw
Batting: RHB Ed Lee 0-0: Ball
1-0: Ball
2-0: Ball
3-0: Called Strike
3-1: Base on Balls
Batting: RHB Javier Vásquez 0-0: Foul Ball, location: 2F
0-1: Hit by Pitch
Ed Lee to second
Batting: SHB Albert Santos 0-0: Ball
1-0: Ball
2-0: Foul Ball, location: 2F
2-1: Foul Ball, location: 2F
2-2: Strikes out looking
Batting: RHB Ethan Miller 0-0: Ball
1-0: Fielders Choice at 2nd, 6-4 (Groundball, 6)
Bottom of the 2nd over - 0 run(s), 0 hit(s), 1 error(s), 2 left on base; Marquette 1 - Springfield 1
TOP OF THE 3RD
Marquette Miners batting - Pitching for Springfield Shooters : RHP Antonio Godfrey
Batting: RHB Pedro Pérez 0-0: Fly out, F8 (Flyball, 8LM)
Batting: RHB Gerald Clark 0-0: Called Strike
0-1: Called Strike
0-2: Foul Ball, location: 2F
0-2: SINGLE (Groundball, 56)
Batting: RHB Francis Kelly 0-0: Swinging Strike
0-1: Called Strike
0-2: Fly out, F7 (Line Drive, 78S)
Batting: RHB Adrian Hale 0-0: Ball
1-0: Ball
2-0: Ball
3-0: Base on Balls
Gerald Clark to second
Batting: RHB Wayne Cameron 0-0: Called Strike
0-1: Ball
1-1: Called Strike
1-2: Foul Ball, location: 2F
1-2: Fly out, F9 (Flyball, 9M)
Top of the 3rd over - 0 run(s), 1 hit(s), 0 error(s), 2 left on base; Marquette 1 - Springfield 1
BOTTOM OF THE 3RD
Springfield Shooters batting - Pitching for Marquette Miners : RHP Brad Cunnick
Batting: RHB José López 0-0: Swinging Strike
0-1: Swinging Strike
0-2: Ball
1-2: Strikes out swinging
Batting: RHB Cliff May 0-0: Ground out 6-3 (Groundball, 6M)
Batting: LHB Joram Nelen 0-0: Swinging Strike
0-1: Ball
1-1: Called Strike
1-2: Foul Ball, location: 2F
1-2: Ball
2-2: Ball
3-2: Reached on error, E3 (Groundball, 3)
Batting: SHB Chris Williamson 0-0: Ball
1-0: SINGLE (Line Drive, 8RS)
Joram Nelen to second
Batting: RHB Iván Ríos 0-0: Fielders Choice at 2nd, U4 (Groundball, 4M)
Bottom of the 3rd over - 0 run(s), 1 hit(s), 1 error(s), 2 left on base; Marquette 1 - Springfield 1
TOP OF THE 4TH
Marquette Miners batting - Pitching for Springfield Shooters : RHP Antonio Godfrey
Batting: RHB Félix De La Hoya 0-0: Reached on error, E5 (Groundball, 56S)
Batting: RHB Tim Burnett 0-0: Ball
1-0: Ball
2-0: Ball
3-0: Base on Balls
Félix De La Hoya to second
Batting: RHB Howard Kelly 0-0: Called Strike
0-1: Fly out, F8 (Flyball, 8RM)
Batting: LHB José Ortega 0-0: Ball
1-0: Grounds into double play, 4-6-3 (Groundball, 34)
Top of the 4th over - 0 run(s), 0 hit(s), 1 error(s), 1 left on base; Marquette 1 - Springfield 1
BOTTOM OF THE 4TH
Springfield Shooters batting - Pitching for Marquette Miners : RHP Brad Cunnick
Batting: RHB Ed Lee 0-0: Ball
1-0: Called Strike
1-1: Foul Ball, location: 2F
1-2: Ball
2-2: Foul Ball, location: 2F
2-2: Strikes out swinging
Batting: RHB Javier Vásquez 0-0: Ball
1-0: Called Strike
1-1: Ball
2-1: Foul Ball, location: 2F
2-2: Ground out 6-3 (Groundball, 6)
Batting: SHB Albert Santos 0-0: Ball
1-0: Swinging Strike
1-1: Swinging Strike
1-2: Ball
2-2: Ball
3-2: Base on Balls
Batting: RHB Ethan Miller 0-0: Ball
1-0: Called Strike
1-1: Ball
2-1: Fly out, F5 (Line Drive, 5)
Bottom of the 4th over - 0 run(s), 0 hit(s), 0 error(s), 1 left on base; Marquette 1 - Springfield 1
TOP OF THE 5TH
Marquette Miners batting - Pitching for Springfield Shooters : RHP Antonio Godfrey
Batting: RHB Pedro Pérez 0-0: Swinging Strike
0-1: Hit by Pitch
Batting: RHB Gerald Clark 0-0: Fly out, F8 (Flyball, 8LM)
0-0: Fly out, F8 (Flyball, 8LM)
Batting: RHB Francis Kelly 0-0: Ball
1-0: Ball
Pedro Pérez steals 2nd base
2-0: Fly out, F8 (Flyball, 8LM)
Batting: RHB Adrian Hale 0-0: Foul Ball, location: 2F
0-1: Fly out, F8 (Flyball, 8RS)
Top of the 5th over - 0 run(s), 0 hit(s), 0 error(s), 1 left on base; Marquette 1 - Springfield 1
BOTTOM OF THE 5TH
Springfield Shooters batting - Pitching for Marquette Miners : RHP Brad Cunnick
Batting: RHB José López 0-0: Called Strike
0-1: Swinging Strike
0-2: Strikes out looking
Batting: RHB Cliff May 0-0: Called Strike
0-1: Ball
1-1: Called Strike
1-2: SINGLE (Line Drive, 9S)
Batting: LHB Joram Nelen 0-0: Called Strike
0-1: Called Strike
0-2: Ball
1-2: Strikes out swinging
Batting: SHB Chris Williamson 0-0: Ball
1-0: Ball
2-0: Called Strike
2-1: Ball
Cliff May steals 2nd base
3-1: SINGLE (Groundball, 6MD)
Cliff May to third
Runner from 3rd tries for Home, SAFE, no throw or cutoff
Batting: RHB Iván Ríos 0-0: Ball
1-0: Swinging Strike
1-1: Fly out, F9 (Flyball, 9M)
Bottom of the 5th over - 1 run(s), 2 hit(s), 0 error(s), 1 left on base; Marquette 1 - Springfield 2
TOP OF THE 6TH
Marquette Miners batting - Pitching for Springfield Shooters : RHP Antonio Godfrey
Batting: RHB Wayne Cameron 0-0: Ball
1-0: Fly out, F9 (Line Drive, 9D)
Batting: RHB Félix De La Hoya 0-0: Ball
1-0: Foul Ball, location: 2F
1-1: Foul Ball, location: 2F
1-2: Ball
2-2: Strikes out looking
Batting: RHB Tim Burnett 0-0: Ball
1-0: Foul Ball, location: 2F
1-1: Called Strike
1-2: Strikes out swinging
Top of the 6th over - 0 run(s), 0 hit(s), 0 error(s), 0 left on base; Marquette 1 - Springfield 2
BOTTOM OF THE 6TH
Springfield Shooters batting - Pitching for Marquette Miners : RHP Brad Cunnick
Batting: RHB Ed Lee 0-0: Called Strike
0-1: Swinging Strike
0-2: Ball
1-2: Ball
2-2: Ball
3-2: Foul Ball, location: 2F
3-2: Base on Balls
Batting: RHB Javier Vásquez 0-0: Sac Bunt - play at first, batter OUT! 3-4
Ed Lee to second
Batting: SHB Albert Santos 0-0: Ball
1-0: Ball
Wild Pitch!
Ed Lee to third
2-0: Called Strike
2-1: Swinging Strike
2-2: Ball
3-2: Foul Ball, location: 2F
3-2: Base on Balls
Batting: RHB Ethan Miller 0-0: Ball
1-0: Grounds into double play, 4-6-3 (Groundball, 4)
Bottom of the 6th over - 0 run(s), 0 hit(s), 0 error(s), 1 left on base; Marquette 1 - Springfield 2
TOP OF THE 7TH
Marquette Miners batting - Pitching for Springfield Shooters : RHP Antonio Godfrey
Batting: RHB Howard Kelly 0-0: Ball
1-0: Ball
2-0: Ball
3-0: Base on Balls
Batting: LHB José Ortega 0-0: Bunted foul
0-1: Ball
1-1: Ball
2-1: Bunted foul
2-2: Strikes out swinging
Batting: RHB Pedro Pérez 0-0: Ball
1-0: Called Strike
1-1: Fielders Choice at 2nd, 3-6 (Groundball, 34)
Batting: RHB Gerald Clark 0-0: Reached on error, E5 (Groundball, 5)
Pedro Pérez to second
Batting: RHB Francis Kelly 0-0: Ground out 1-3 (Groundball, 15)
Top of the 7th over - 0 run(s), 0 hit(s), 1 error(s), 2 left on base; Marquette 1 - Springfield 2
BOTTOM OF THE 7TH
Springfield Shooters batting - Pitching for Marquette Miners : RHP Brad Cunnick
Batting: RHB José López 0-0: Foul Ball, location: 2F
0-1: Called Strike
0-2: Ground out 1-3 (Groundball, 15)
Batting: RHB Cliff May 0-0: Ground out 6-3 (Groundball, 6M)
Batting: LHB Joram Nelen 0-0: Called Strike
0-1: Called Strike
0-2: Fly out, F7 (Flyball, 7S)
Bottom of the 7th over - 0 run(s), 0 hit(s), 0 error(s), 0 left on base; Marquette 1 - Springfield 2
TOP OF THE 8TH
Marquette Miners batting - Pitching for Springfield Shooters : RHP Antonio Godfrey
Batting: RHB Adrian Hale 0-0: Ground out 6-3 (Groundball, 6)
Batting: RHB Wayne Cameron 0-0: Foul Ball, location: 2F
0-1: Called Strike
0-2: Strikes out looking
Batting: RHB Félix De La Hoya 0-0: Foul Ball, location: 2F
0-1: Ball
1-1: SINGLE (Groundball, 6MD)
Pinch Hitting: LHB Jorge Flores 0-0: Ball
1-0: Ball
2-0: SINGLE (Groundball, 56S) (infield hit)
Félix De La Hoya to second
Pinch Hitting: LHB Jim Unknown 0-0: Called Strike
0-1: Swinging Strike
0-2: Ball
1-2: Strikes out swinging
Top of the 8th over - 0 run(s), 2 hit(s), 0 error(s), 2 left on base; Marquette 1 - Springfield 2
BOTTOM OF THE 8TH
Springfield Shooters batting - Pitching for Marquette Miners : RHP Brad Cunnick
Now at 3B: Jim Unknown
Now in RF: Jorge Flores
Batting: SHB Chris Williamson 0-0: Ball
1-0: Ball
2-0: Foul Ball, location: 2F
2-1: DOUBLE (Line Drive, 9LM)
Pinch Hitting: SHB Adrián Pueblo 0-0: Intentional Walk
Pinch Hitting: SHB Juan Gil 0-0: Ball
1-0: Bunt missed!
1-1: Sac Bunt - play at first, batter OUT! 2-4
Chris Williamson to third
Adrián Pueblo to second
Pinch Hitting: LHB Brad Shockley 0-0: Called Strike
0-1: Foul Ball, location: 2F
0-2: Strikes out swinging
Batting: SHB Albert Santos 0-0: Called Strike
0-1: Foul Ball, location: 2F
0-2: Ball
1-2: Ball
2-2: Ball
3-2: Base on Balls
Batting: RHB Ethan Miller 0-0: Ball
1-0: Called Strike
1-1: DOUBLE (Flyball, 8RXD)
Chris Williamson scores
Adrián Pueblo scores
Albert Santos to third
Batting: RHB José López 0-0: Ball
1-0: Ball
2-0: Ball
3-0: Swinging Strike
3-1: Base on Balls
Batting: RHB Cliff May 0-0: Ball
1-0: Ball
2-0: Fly out, F7 (Flyball, 78M)
Bottom of the 8th over - 2 run(s), 2 hit(s), 0 error(s), 3 left on base; Marquette 1 - Springfield 4
TOP OF THE 9TH
Marquette Miners batting - Pitching for Springfield Shooters : RHP Antonio Godfrey
Pitching: RHP Vincente Ortíz
Now at 2B: Michael Coleman
Now in LF: Juan Gil
Now in RF: Todd Cisneros
Batting: LHB José Ortega 0-0: Called Strike
0-1: Ball
1-1: Fly out, F7 (Flyball, 7LD)
Batting: RHB Pedro Pérez 0-0: Called Strike
0-1: Swinging Strike
0-2: Ball
1-2: Ball
2-2: Foul Ball, location: 2F
2-2: Foul Ball, location: 2F
2-2: Strikes out swinging
Batting: RHB Gerald Clark 0-0: Ground out 5-3 (Groundball, 56)
Top of the 9th over - 0 run(s), 0 hit(s), 0 error(s), 0 left on base; Marquette 1 - Springfield 4
This league is powered by Out of the Park Baseball, the baseball management simulation game for PC, Mac and Linux
Friday, January 22nd, 2016 - OOTP Baseball 16.9 Build 39